[Event "46th GRE-chT Premier 2018"]
[Site "Rio Achaia"]
[Date "2018.07.12"]
[Round "4"]
[White "Daskalaki, Sofia"]
[Black "Tsolakidou, Stavroula"]
[Result "0-1"]
[ECO "A46"]
[WhiteElo "1535"]
[BlackElo "2423"]
[Annotator "NA"]
[PlyCount "78"]
[EventDate "2018.07.10"]
[EventType "team-tourn"]
[EventCountry "GRE"]
[SourceTitle "playchess.com"]
[Source "ChessBase"]
[SourceQuality "1"]
[TimeControl "40/5400+30:1800+30"]

1. d4 Nf6 2. Nf3 e6 3. Bf4 b6 4. e3 Bb7 5. Bd3 d6 6. O-O Nbd7 7. Nbd2 g6 8. e4 Bg7 9. Re1 O-O 10. e5 Nh5 11. Bg5 f6 12. exf6 Bxf6 13. Bh6 Re8 14. Ne4 Ng7 15. Nxf6+ Qxf6 16. Be4 Bxe4 17. Rxe4 Nf5 18. Bg5 Qf7 19. c3 h6 20. Bd2 Nf6 21. Re2 c5 22. dxc5 bxc5 23. c4 e5 24. b3 Rf8 25. Bc3 Rae8 26. Ne1 Nd4 27. Bxd4 cxd4 28. Nc2 d5 29. cxd5 Nxd5 30. Qd2 Nf4 31. Re4 Qf5 32. f3 Rc8 33. Na3 Rc3 34. Nc4 Rxf3 35. Ree1 Rd3 36. Qb2 e4 37. Nd6 Qg4 38. Nxe4 Re3 39. Ng3 Nd3 0-1

[Event "46th GRE-chT Premier 2018"]
[Site "Rio Achaia"]
[Date "2018.07.12"]
[Round "4"]
[White "Skiadopoulou, Afroditi-Lelouda"]
[Black "Isari, Angeliki"]
[Result "0-1"]
[ECO "B23"]
[WhiteElo "1491"]
[BlackElo "1153"]
[Annotator "NA"]
[PlyCount "50"]
[EventDate "2018.07.10"]
[EventType "team-tourn"]
[EventCountry "GRE"]
[SourceTitle "playchess.com"]
[Source "ChessBase"]
[SourceQuality "1"]
[TimeControl "40/5400+30:1800+30"]

1. e4 c5 2. Nc3 a6 3. d4 cxd4 4. Qxd4 Nc6 5. Qd2 b5 6. b3 g6 7. Bb2 Bg7 8. Nge2 e6 9. f3 Nge7 10. Nd1 Bxb2 11. Nxb2 O-O 12. O-O-O d5 13. exd5 Nxd5 14. Nd3 Qe7 15. Kb2 a5 16. Ndf4 a4 17. Nxd5 exd5 18. Qc3 axb3 19. Qxb3 Be6 20. Kc1 Nb4 21. Nd4 Qg5+ 22. Kb1 Nxa2 23. h4 Qf4 24. Be2 Rfc8 25. Qb2 Nc3+ 0-1

[Event "46th GRE-chT Premier 2018"]
[Site "Rio Achaia"]
[Date "2018.07.12"]
[Round "4"]
[White "Louka, Marianthi"]
[Black "Gioutsou, Miranta"]
[Result "1/2-1/2"]
[ECO "C42"]
[WhiteElo "1465"]
[BlackElo "1467"]
[Annotator "NA"]
[PlyCount "70"]
[EventDate "2018.07.10"]
[EventType "team-tourn"]
[EventCountry "GRE"]
[SourceTitle "playchess.com"]
[Source "ChessBase"]
[SourceQuality "1"]
[TimeControl "40/5400+30:1800+30"]

1. e4 e5 2. Nf3 Nf6 3. Nxe5 d6 4. Nf3 Nxe4 5. Nc3 Nxc3 6. dxc3 Be7 7. Be3 Nc6 8. Qd2 Be6 9. Bd3 Qd7 10. O-O-O Bf6 11. Kb1 O-O-O 12. Bb5 Kb8 13. Nd4 Bxd4 14. Bxd4 f6 15. Rhe1 Rhe8 16. h3 Bf7 17. Qf4 Rxe1 18. Rxe1 Re8 19. Be3 a6 20. Bxc6 Qxc6 21. Qd4 b6 22. Rg1 Qc4 23. Qxc4 Bxc4 24. Rd1 Bf7 25. b3 Re4 26. c4 f5 27. g3 g6 28. Kb2 Kb7 29. Kc3 Kc6 30. Rd4 Rxd4 31. Bxd4 b5 32. cxb5+ Kxb5 33. a4+ Kc6 34. Kb4 Kb7 35. Ka5 Bd5 1/2-1/2

[Event "46th GRE-chT Premier 2018"]
[Site "Rio Achaia"]
[Date "2018.07.12"]
[Round "4"]
[White "Kontopanagos, Ioannis"]
[Black "Gkikas, Ioannis"]
[Result "0-1"]
[ECO "E45"]
[WhiteElo "1440"]
[BlackElo "1553"]
[Annotator "NA"]
[PlyCount "98"]
[EventDate "2018.07.10"]
[EventType "team-tourn"]
[EventCountry "GRE"]
[SourceTitle "playchess.com"]
[Source "ChessBase"]
[SourceQuality "1"]
[TimeControl "40/5400+30:1800+30"]

1. d4 Nf6 2. c4 e6 3. Nc3 Bb4 4. e3 b6 5. Nge2 Ba6 6. a3 Bxc3+ 7. Nxc3 O-O 8. Bd3 Nc6 9. b4 Bb7 10. O-O d5 11. cxd5 Nxd5 12. Bb2 Qg5 13. Ne4 Qh6 14. Nd2 Nxe3 15. Bxh7+ Kxh7 16. fxe3 Qxe3+ 17. Kh1 Ne7 18. Nf3 Kg8 19. Qc2 Rac8 20. Bc1 Qe4 21. Qf2 Nf5 22. Ra2 Qg4 23. Rd2 Bxf3 24. gxf3 Qh4 25. Qg1 Rfd8 26. Rg2 Qxd4 27. Rff2 e5 28. Bb2 Qd5 29. Rg5 Qe6 30. Rfg2 f6 31. Rh5 Rd7 32. Qb1 Rcd8 33. Rg1 Rd3 34. Qf1 Kf7 35. Qg2 g5 36. Bc1 Rd1 37. Bb2 Ne3 38. Qe2 Rxg1+ 39. Kxg1 Qb3 40. h3 Qd1+ 41. Qxd1 Nxd1 42. Rh7+ Kg6 43. Rxc7 Nxb2 44. Rxa7 Rd3 45. Kg2 Nc4 46. a4 Rb3 47. b5 Rb2+ 48. Kg1 Kf5 49. Rc7 Rb4 0-1

[Event "46th GRE-chT Premier 2018"]
[Site "Rio Achaia"]
[Date "2018.07.12"]
[Round "4"]
[White "Kotsoglou, Evi"]
[Black "Petraki, Evaggelia"]
[Result "0-1"]
[ECO "B32"]
[WhiteElo "1424"]
[BlackElo "1814"]
[Annotator "NA"]
[PlyCount "128"]
[EventDate "2018.07.10"]
[EventType "team-tourn"]
[EventCountry "GRE"]
[SourceTitle "playchess.com"]
[Source "ChessBase"]
[SourceQuality "1"]
[TimeControl "40/5400+30:1800+30"]

1. e4 c5 2. Nf3 Nc6 3. d4 cxd4 4. Nxd4 g6 5. g3 Bg7 6. Ne2 Nf6 7. Bg2 d6 8. h3 Bd7 9. Nbc3 O-O 10. O-O Na5 11. Rb1 Nc4 12. b3 Na5 13. Nf4 Qc8 14. Ncd5 Nxd5 15. Nxd5 Nc6 16. Kh2 Re8 17. Bb2 Bxb2 18. Rxb2 Be6 19. Ne3 Qc7 20. f4 Qb6 21. Qd2 Qd4 22. Qxd4 Nxd4 23. Rd1 Nc6 24. f5 Bd7 25. Nd5 Rac8 26. g4 Kg7 27. h4 h5 28. gxh5 gxf5 29. Nf4 Rg8 30. Rg1 Kh6 31. Bf3 Rxg1 32. Kxg1 Rg8+ 33. Kf2 fxe4 34. Bxe4 Rg4 35. Ke3 Rxh4 36. c4 e5 37. Nd5 Rh3+ 38. Kd2 Rh2+ 39. Kc1 Rxb2 40. Kxb2 Bg4 41. Nf6 Bxh5 42. Bd5 Ne7 43. Bxb7 Kg6 44. Ne4 Bf3 45. Nxd6 Bxb7 46. Nxb7 Nc6 47. Kc3 f5 48. Nd6 Kf6 49. Kd2 Ke6 50. Nb5 e4 51. Nc3 Ke5 52. Nd5 f4 53. b4 Nd4 54. a4 Ne6 55. Ke2 Kd4 56. Nf6 Kxc4 57. Nxe4 Kxb4 58. Kd2 Kxa4 59. Kc3 Kb5 60. Nd2 Ng5 61. Kd3 f3 62. Ke3 Kb4 63. Kf2 a5 64. Nf1 a4 0-1

[Event "46th GRE-chT Premier 2018"]
[Site "Rio Achaia"]
[Date "2018.07.12"]
[Round "4"]
[White "Papadopoulos, Panteleimon"]
[Black "Laspas, Panagiotis"]
[Result "0-1"]
[ECO "B01"]
[WhiteElo "1422"]
[BlackElo "1917"]
[Annotator "NA"]
[PlyCount "58"]
[EventDate "2018.07.10"]
[EventType "team-tourn"]
[EventCountry "GRE"]
[SourceTitle "playchess.com"]
[Source "ChessBase"]
[SourceQuality "1"]
[TimeControl "40/5400+30:1800+30"]

1. e4 d5 2. exd5 Qxd5 3. Nc3 Qd6 4. d4 Nf6 5. Nf3 c6 6. Be2 Bf5 7. O-O h6 8. Re1 e6 9. a4 Be7 10. Bc4 O-O 11. h3 Nbd7 12. Be3 Nd5 13. Nxd5 cxd5 14. Bd3 Bxd3 15. Qxd3 Rac8 16. Rec1 Rc6 17. b3 Rfc8 18. Ra2 Bf6 19. Rd1 Qc7 20. Rc1 Qd6 21. Rd1 Rc3 22. Qd2 Qb6 23. Rc1 Nb8 24. Qe2 Nc6 25. Bd2 Nb4 26. Rb2 Rxc2 27. Rbxc2 Rxc2 28. Rxc2 Nxc2 29. Ba5 Qxb3 0-1

[Event "46th GRE-chT Premier 2018"]
[Site "Rio Achaia"]
[Date "2018.07.12"]
[Round "4"]
[White "Basinas, Konstantinos"]
[Black "Kafantaris, Pavlos"]
[Result "1/2-1/2"]
[ECO "D30"]
[WhiteElo "1383"]
[BlackElo "1380"]
[Annotator "NA"]
[PlyCount "56"]
[EventDate "2018.07.10"]
[EventType "team-tourn"]
[EventCountry "GRE"]
[SourceTitle "playchess.com"]
[Source "ChessBase"]
[SourceQuality "1"]
[TimeControl "40/5400+30:1800+30"]

1. d4 d5 2. c4 e6 3. Nf3 Nf6 4. g3 Bb4+ 5. Bd2 Be7 6. Bg2 O-O 7. O-O c6 8. Qc2 b6 9. b3 a5 10. Bc3 Ba6 11. Bb2 b5 12. Nbd2 b4 13. Rac1 Nbd7 14. Rfe1 Qb6 15. e4 dxe4 16. Nxe4 Nxe4 17. Qxe4 Nf6 18. Qb1 Rfe8 19. Rcd1 Rad8 20. Rd2 c5 21. Red1 cxd4 22. Bxd4 Qc7 23. Be5 Qb6 24. Bd4 Qc7 25. Be5 Qb6 26. Bd4 Qc7 27. Be5 Qb6 28. Bd4 Qc7 1/2-1/2

[Event "46th GRE-chT Premier 2018"]
[Site "Rio Achaia"]
[Date "2018.07.12"]
[Round "4"]
[White "Apostolakaki, Evangelia"]
[Black "Patriki, Alexandra"]
[Result "0-1"]
[ECO "A46"]
[WhiteElo "1376"]
[BlackElo "1355"]
[Annotator "NA"]
[PlyCount "70"]
[EventDate "2018.07.10"]
[EventType "team-tourn"]
[EventCountry "GRE"]
[SourceTitle "playchess.com"]
[Source "ChessBase"]
[SourceQuality "1"]
[TimeControl "40/5400+30:1800+30"]

1. d4 Nf6 2. Nf3 c5 3. e3 e6 4. c4 d5 5. a3 Nc6 6. dxc5 Bxc5 7. b4 Bb6 8. Bb2 O-O 9. Nbd2 Bc7 10. Be2 dxc4 11. Nxc4 Qe7 12. Qc2 b6 13. O-O Bb7 14. Bd3 h6 15. Rfd1 Rfd8 16. b5 Na5 17. Nxa5 bxa5 18. Bxf6 gxf6 19. Qe2 Kh8 20. Nd4 Rg8 21. Nc6 Qf8 22. Be4 a6 23. a4 axb5 24. axb5 Bd6 25. Bf3 Rg5 26. Nxa5 Bxf3 27. Qxf3 Be5 28. Ra4 Bc3 29. Rc4 Bxa5 30. Qxf6+ Qg7 31. Qxg7+ Kxg7 32. Rb1 Rb8 33. b6 Rxb6 34. Ra1 Rgb5 35. Rcc1 Bb4 0-1

[Event "46th GRE-chT Premier 2018"]
[Site "Rio Achaia"]
[Date "2018.07.12"]
[Round "4"]
[White "Kazakos, Nikolaos"]
[Black "Gkaripis, Marios Ilias"]
[Result "0-1"]
[ECO "B18"]
[WhiteElo "1375"]
[BlackElo "1374"]
[Annotator "NA"]
[PlyCount "150"]
[EventDate "2018.07.10"]
[EventType "team-tourn"]
[EventCountry "GRE"]
[SourceTitle "playchess.com"]
[Source "ChessBase"]
[SourceQuality "1"]
[TimeControl "40/5400+30:1800+30"]

1. e4 c6 2. d4 d5 3. Nc3 dxe4 4. Nxe4 Bf5 5. Ng3 Bg6 6. Nh3 h6 7. Nf4 Bh7 8. c3 e6 9. Bd3 Bxd3 10. Nxd3 Bd6 11. Ne4 Bc7 12. Qf3 Nd7 13. Bf4 Ngf6 14. Nd6+ Bxd6 15. Bxd6 Nb6 16. Bg3 O-O 17. O-O Nc4 18. Rad1 Qd5 19. Qxd5 Nxd5 20. Rfe1 Rfd8 21. Re2 a5 22. h3 a4 23. Nf4 Nxf4 24. Bxf4 Rd7 25. Rde1 Ra6 26. Be3 Nxe3 27. fxe3 Rb6 28. Kf2 Rd5 29. Kf3 Rdb5 30. Rb1 Kh7 31. Ke4 Kg6 32. Rf2 f6 33. Kd3 Rf5 34. Rxf5 Kxf5 35. Rf1+ Kg5 36. Kc2 Rb5 37. Rf4 Kg6 38. c4 Rg5 39. Rf2 Rg3 40. Kd3 f5 41. Ke2 b6 42. Kd2 Kg5 43. Ke2 Kg6 44. Kd2 Kg5 45. Ke2 Kh5 46. Kd2 g5 47. Re2 g4 48. hxg4+ Rxg4 49. Ke1 Re4 50. Kf2 Kg4 51. b3 axb3 52. axb3 f4 53. exf4 Rxe2+ 54. Kxe2 Kxf4 55. Kd3 h5 56. c5 b5 57. Kc3 Ke3 58. g3 Ke4 59. Kb4 Kxd4 60. Ka5 Kxc5 61. b4+ Kd5 62. Kb6 e5 63. Kc7 e4 64. Kd7 e3 65. Ke7 e2 66. Kd7 e1=Q 67. g4 hxg4 68. Kc7 c5 69. bxc5 Kxc5 70. Kd7 b4 71. Kc7 b3 72. Kb7 b2 73. Kc7 b1=Q 74. Kc8 Qe8+ 75. Kc7 Qb6# 0-1

[Event "46th GRE-chT Premier 2018"]
[Site "Rio Achaia"]
[Date "2018.07.12"]
[Round "4"]
[White "Liakos, Christos - Konstant"]
[Black "Tzachristas, Georgios"]
[Result "1-0"]
[ECO "B01"]
[WhiteElo "1370"]
[BlackElo "1191"]
[Annotator "NA"]
[PlyCount "51"]
[EventDate "2018.07.10"]
[EventType "team-tourn"]
[EventCountry "GRE"]
[SourceTitle "playchess.com"]
[Source "ChessBase"]
[SourceQuality "1"]
[TimeControl "40/5400+30:1800+30"]

1. e4 d5 2. exd5 Nf6 3. Nf3 Nxd5 4. d4 Bf5 5. Bd3 Bxd3 6. Qxd3 e6 7. O-O Nc6 8. c4 Nb6 9. Nc3 Be7 10. Bf4 O-O 11. Rad1 Bd6 12. Ng5 g6 13. Qh3 h5 14. Bc1 Be7 15. Nce4 Kg7 16. d5 exd5 17. cxd5 Ne5 18. f4 Ned7 19. f5 Bxg5 20. Nxg5 Nc5 21. b4 f6 22. bxc5 fxg5 23. cxb6 axb6 24. f6+ Rxf6 25. Bb2 Qe7 26. Bxf6+ 1-0

[Event "46th GRE-chT Premier 2018"]
[Site "Rio Achaia"]
[Date "2018.07.12"]
[Round "4"]
[White "Anthopoulou, Ioanna"]
[Black "Ilia, Anastasia"]
[Result "1/2-1/2"]
[ECO "B01"]
[WhiteElo "1359"]
[BlackElo "1348"]
[Annotator "NA"]
[PlyCount "76"]
[EventDate "2018.07.10"]
[EventType "team-tourn"]
[EventCountry "GRE"]
[SourceTitle "playchess.com"]
[Source "ChessBase"]
[SourceQuality "1"]
[TimeControl "40/5400+30:1800+30"]

1. e4 d5 2. exd5 Nf6 3. d4 Nxd5 4. Nf3 Bg4 5. Be2 e6 6. c4 Nb6 7. O-O Be7 8. Qb3 Qc8 9. Be3 O-O 10. Nbd2 N8d7 11. Rfd1 Nf6 12. Rac1 Rd8 13. Qc2 Bf5 14. Bd3 Bxd3 15. Qxd3 c5 16. Qc3 Nbd7 17. h3 cxd4 18. Nxd4 Nc5 19. N4f3 Nd3 20. Rb1 Bb4 21. Qc2 b5 22. b3 e5 23. Ne1 Nxe1 24. Rxe1 bxc4 25. bxc4 Nd5 26. Rbd1 Nxe3 27. Rxe3 Rxd2 28. Rxd2 Bxd2 29. Qxd2 Qxc4 30. Rxe5 Qc7 31. Qe2 Kf8 32. Qe4 Rd8 33. Qb4+ Kg8 34. Qe7 Qxe7 35. Rxe7 Ra8 36. a4 a5 37. g4 Kf8 38. Rb7 g5 1/2-1/2

[Event "46th GRE-chT Premier 2018"]
[Site "Rio Achaia"]
[Date "2018.07.12"]
[Round "4"]
[White "Kyriakidis, Anastasios P"]
[Black "Apostolidis, Angelos"]
[Result "1-0"]
[ECO "D00"]
[WhiteElo "1352"]
[BlackElo "1117"]
[Annotator "NA"]
[PlyCount "131"]
[EventDate "2018.07.10"]
[EventType "team-tourn"]
[EventCountry "GRE"]
[SourceTitle "playchess.com"]
[Source "ChessBase"]
[SourceQuality "1"]
[TimeControl "40/5400+30:1800+30"]

1. d4 d5 2. Bf4 Bf5 3. e3 e6 4. Nf3 Nf6 5. Bd3 Bg6 6. Ne5 Nbd7 7. Nxg6 hxg6 8. O-O Nb6 9. Nd2 Bd6 10. Bg3 Bxg3 11. hxg3 O-O 12. c4 c6 13. c5 Nbd7 14. b4 e5 15. b5 exd4 16. exd4 Re8 17. Rb1 Re6 18. Qa4 Qc8 19. Rfc1 Re8 20. bxc6 bxc6 21. Ba6 Qc7 22. Rb7 Qc8 23. Rcb1 Qd8 24. Qxc6 Rb8 25. Qa4 Rxb7 26. Bxb7 Qc7 27. Qxa7 Rb8 28. c6 Nf8 29. Qb6 Ne8 30. Qxc7 Nxc7 31. a4 Nfe6 32. Nf3 Nd8 33. Ne5 Nxb7 34. Rxb7 Rxb7 35. cxb7 Na6 36. Nc6 Kf8 37. b8=Q+ Nxb8 38. Nxb8 Ke7 39. Kf1 Kd6 40. Ke2 Kc7 41. Na6+ Kb6 42. Nb4 Ka5 43. Nxd5 Kxa4 44. Ke3 Kb5 45. Ke4 Kc6 46. Ke5 Kd7 47. Nb6+ Ke7 48. d5 Kd8 49. d6 Ke8 50. d7+ Ke7 51. Kd5 g5 52. Kc6 Kd8 53. g4 g6 54. g3 f6 55. f4 f5 56. gxf5 gxf4 57. gxf4 gxf5 58. Nc4 Ke7 59. Kc7 Kf6 60. d8=Q+ Kg6 61. Qg5+ Kf7 62. Kd7 Kf8 63. Qe7+ Kg8 64. Ke6 Kh8 65. Kf6 Kg8 66. Qg7# 1-0

[Event "46th GRE-chT Premier 2018"]
[Site "Rio Achaia"]
[Date "2018.07.12"]
[Round "4"]
[White "Kouta, Vasiliki"]
[Black "Salahidou, Reveka"]
[Result "0-1"]
[ECO "B43"]
[WhiteElo "1350"]
[BlackElo "1955"]
[Annotator "NA"]
[PlyCount "114"]
[EventDate "2018.07.10"]
[EventType "team-tourn"]
[EventCountry "GRE"]
[SourceTitle "playchess.com"]
[Source "ChessBase"]
[SourceQuality "1"]
[TimeControl "40/5400+30:1800+30"]

1. e4 c5 2. Nf3 e6 3. d4 cxd4 4. Nxd4 a6 5. Nc3 b5 6. a3 Qc7 7. Bd2 Nf6 8. Bd3 Bb7 9. Qe2 Be7 10. O-O d6 11. Nb3 O-O 12. Rad1 Nbd7 13. f4 Rac8 14. Kh1 Rfe8 15. Qf2 e5 16. f5 Nc5 17. Nxc5 dxc5 18. Rfe1 c4 19. Bf1 Bc5 20. Qg3 Qb6 21. Be3 Bd4 22. Bxd4 exd4 23. e5 dxc3 24. exf6 Qxf6 25. Qxc3 Qxf5 26. Qd2 Be4 27. c3 Rc6 28. Qd4 Rce6 29. Kg1 h6 30. Qf2 Qg6 31. Qg3 Qxg3 32. hxg3 Bf5 33. Rxe6 Rxe6 34. Kf2 Bg4 35. Re1 Rxe1 36. Kxe1 Kf8 37. Kd2 Ke7 38. Kc2 Kd6 39. b3 Kd5 40. bxc4+ bxc4 41. Kd2 f5 42. Ke3 g5 43. Kf2 Bd1 44. Ke3 a5 45. Kd2 Bg4 46. Ke3 h5 47. Kf2 f4 48. gxf4 gxf4 49. g3 fxg3+ 50. Kxg3 Kc5 51. Kh4 Kb5 52. Kg5 Be6 53. Kxh5 Ka4 54. Bxc4 Bxc4 55. Kg4 Kxa3 56. Kf3 Kb3 57. Kf2 a4 0-1

[Event "46th GRE-chT Premier 2018"]
[Site "Rio Achaia"]
[Date "2018.07.12"]
[Round "4"]
[White "Vlachos, Georgios"]
[Black "Rousis, Chrysostomos"]
[Result "1/2-1/2"]
[ECO "B22"]
[WhiteElo "1334"]
[BlackElo "1483"]
[Annotator "NA"]
[PlyCount "50"]
[EventDate "2018.07.10"]
[EventType "team-tourn"]
[EventCountry "GRE"]
[SourceTitle "playchess.com"]
[Source "ChessBase"]
[SourceQuality "1"]
[TimeControl "40/5400+30:1800+30"]

1. e4 c5 2. c3 d5 3. exd5 Qxd5 4. d4 Nf6 5. Nf3 Bg4 6. Be2 e6 7. O-O Bd6 8. Be3 cxd4 9. cxd4 O-O 10. Nc3 Qa5 11. Rc1 Nc6 12. Qd2 h6 13. Rfd1 Nb4 14. a3 Nbd5 15. Nxd5 Qxd5 16. h3 Bh5 17. Bc4 Qf5 18. Be2 g5 19. Qd3 Qd5 20. Qc4 Qf5 21. Qd3 Qd5 22. Qc4 Qf5 23. Qd3 Qd5 24. Qc4 Qf5 25. Qd3 Qd5 1/2-1/2

[Event "46th GRE-chT Premier 2018"]
[Site "Rio Achaia"]
[Date "2018.07.12"]
[Round "4"]
[White "Tsouli, Rafailia"]
[Black "Moshou, Alexia"]
[Result "0-1"]
[ECO "E16"]
[WhiteElo "1327"]
[BlackElo "1582"]
[Annotator "NA"]
[PlyCount "80"]
[EventDate "2018.07.10"]
[EventType "team-tourn"]
[EventCountry "GRE"]
[SourceTitle "playchess.com"]
[Source "ChessBase"]
[SourceQuality "1"]
[TimeControl "40/5400+30:1800+30"]

1. d4 Nf6 2. c4 e6 3. Nf3 Bb4+ 4. Bd2 Qe7 5. a3 Bxd2+ 6. Nbxd2 d5 7. e3 b6 8. Be2 O-O 9. O-O Bb7 10. Re1 Nbd7 11. Rc1 c5 12. Nf1 Rac8 13. Ng3 Rfd8 14. Qb3 dxc4 15. Rxc4 Bd5 16. Qa4 Bxc4 17. Bxc4 cxd4 18. Nxd4 Nc5 19. Qb5 Qd7 20. Qxd7 Ncxd7 21. Ba6 Rc7 22. Nge2 Nc5 23. Bc4 e5 24. Nb5 Rcd7 25. Nbc3 Rd2 26. b4 Nce4 27. Bb5 Rc2 28. Nxe4 Nxe4 29. f3 Nc3 30. Nxc3 Rxc3 31. a4 Rb3 32. Rc1 Rxb4 33. Rc7 Rb2 34. h3 h5 35. Bc4 Rd1+ 36. Kh2 h4 37. Rxf7 Kh7 38. Rf5 g6 39. Rxe5 Rbb1 40. g4 Rb2+ 0-1

[Event "46th GRE-chT Premier 2018"]
[Site "Rio Achaia"]
[Date "2018.07.12"]
[Round "4"]
[White "Kartsidima, Angeliki"]
[Black "Soukarie, Zorz"]
[Result "0-1"]
[ECO "A46"]
[WhiteElo "1317"]
[BlackElo "1295"]
[Annotator "NA"]
[PlyCount "136"]
[EventDate "2018.07.10"]
[EventType "team-tourn"]
[EventCountry "GRE"]
[SourceTitle "playchess.com"]
[Source "ChessBase"]
[SourceQuality "1"]
[TimeControl "40/5400+30:1800+30"]

1. d4 Nf6 2. Nf3 e6 3. Nbd2 c5 4. e3 b6 5. Bd3 Bb7 6. O-O cxd4 7. exd4 Be7 8. c4 d6 9. b4 Nbd7 10. a3 O-O 11. Bb2 Qc7 12. Rc1 Rac8 13. Qb3 Qb8 14. Rfd1 Rfe8 15. a4 Nf8 16. Rc2 Rc7 17. Rdc1 Rec8 18. Ba3 Ng6 19. Bf1 Ne4 20. Nxe4 Bxe4 21. Rc3 Qb7 22. b5 Bxf3 23. Rxf3 d5 24. Bxe7 Nxe7 25. Rfc3 dxc4 26. Rxc4 Rxc4 27. Rxc4 Rxc4 28. Qxc4 Qc8 29. Qb4 Nd5 30. Qd6 Qc7 31. Qa3 Qe7 32. Qc1 g6 33. Qc8+ Kg7 34. Qc6 Qb4 35. Qc4 Qxc4 36. Bxc4 Nc3 37. Bb3 Ne2+ 38. Kf1 Nxd4 39. Bd1 Kf6 40. f3 Ke5 41. Kf2 h5 42. Ke3 Nf5+ 43. Kd3 h4 44. Bb3 Kf4 45. Bd1 Ke5 46. Bb3 g5 47. Bd1 Ne7 48. g3 hxg3 49. hxg3 Nd5 50. Bb3 f5 51. Bc4 f4 52. Bxd5 exd5 53. g4 d4 54. Kc4 d3 55. Kxd3 Kd5 56. Kc3 Kc5 57. Kd3 Kb4 58. Ke4 Kxa4 59. Kf5 Kxb5 60. Kxg5 a5 61. Kh6 a4 62. g5 a3 63. g6 a2 64. g7 a1=Q 65. g8=Q Qh1+ 66. Kg7 Qg2+ 67. Kf7 Qxg8+ 68. Kxg8 Kc4 0-1

[Event "46th GRE-chT Premier 2018"]
[Site "Rio Achaia"]
[Date "2018.07.12"]
[Round "4"]
[White "Batzoli, Maria"]
[Black "Aivazian, Elpida Sofia"]
[Result "1/2-1/2"]
[ECO "A45"]
[WhiteElo "1312"]
[BlackElo "1451"]
[Annotator "NA"]
[PlyCount "94"]
[EventDate "2018.07.10"]
[EventType "team-tourn"]
[EventCountry "GRE"]
[SourceTitle "playchess.com"]
[Source "ChessBase"]
[SourceQuality "1"]
[TimeControl "40/5400+30:1800+30"]

1. d4 Nf6 2. Bf4 g6 3. e3 Bg7 4. Nc3 d6 5. h3 O-O 6. Nf3 Re8 7. Be2 Nbd7 8. O-O e5 9. dxe5 dxe5 10. Nxe5 Nh5 11. Bxh5 Nxe5 12. Bxe5 Bxe5 13. Qxd8 Rxd8 14. Bf3 Be6 15. Rfd1 Bxc3 16. bxc3 c6 17. a3 Kf8 18. Kf1 Ke7 19. Rab1 Rxd1+ 20. Rxd1 Rc8 21. Rd4 Kf6 22. Be2 c5 23. Rd2 h5 24. f4 Bf5 25. Bf3 b5 26. g4 hxg4 27. Bxg4 Bxg4 28. hxg4 Rc6 29. Rd1 a5 30. Ke2 b4 31. a4 Ke6 32. c4 Rb6 33. Rd3 Rc6 34. Kf3 f5 35. g5 Rc8 36. Rd2 Rh8 37. Kg2 Re8 38. Kf3 Rh8 39. Kg2 Re8 40. Rd5 Rc8 41. Kf3 Ke7 42. Rd1 Rd8 43. Rxd8 Kxd8 44. e4 Ke7 45. exf5 gxf5 46. Kg3 Kf7 47. Kh3 Kg7 1/2-1/2

[Event "46th GRE-chT Premier 2018"]
[Site "Rio Achaia"]
[Date "2018.07.12"]
[Round "4"]
[White "Stathatos, Alexandros"]
[Black "Goutoufas, Christos"]
[Result "1/2-1/2"]
[ECO "B70"]
[WhiteElo "1311"]
[BlackElo "1434"]
[Annotator "NA"]
[PlyCount "62"]
[EventDate "2018.07.10"]
[EventType "team-tourn"]
[EventCountry "GRE"]
[SourceTitle "playchess.com"]
[Source "ChessBase"]
[SourceQuality "1"]
[TimeControl "40/5400+30:1800+30"]

1. e4 c5 2. Nf3 d6 3. d4 cxd4 4. Nxd4 Nf6 5. Nc3 g6 6. Bc4 Bg7 7. O-O O-O 8. f3 Nc6 9. Be3 Qb6 10. Rb1 Nxe4 11. Nd5 Qxd4 12. Bxd4 Bxd4+ 13. Kh1 Nf2+ 14. Rxf2 Bxf2 15. Qe2 Bh4 16. Qe4 Bf6 17. Nxf6+ exf6 18. Qe2 Ne5 19. Bb3 Bf5 20. Rd1 Rfd8 21. Qb5 Rab8 22. Qb4 Nc6 23. Qf4 Kg7 24. h4 Ne5 25. Qb4 Nc6 26. Qa3 h5 27. Rxd6 Re8 28. Rd2 Re7 29. Qc5 Rbe8 30. Qf2 a6 31. Kh2 Ne5 1/2-1/2

[Event "46th GRE-chT Premier 2018"]
[Site "Rio Achaia"]
[Date "2018.07.12"]
[Round "4"]
[White "Mavridis, Athanasios"]
[Black "Stefanou, Dimitrios"]
[Result "0-1"]
[ECO "A61"]
[WhiteElo "1304"]
[BlackElo "1824"]
[Annotator "NA"]
[PlyCount "64"]
[EventDate "2018.07.10"]
[EventType "team-tourn"]
[EventCountry "GRE"]
[SourceTitle "playchess.com"]
[Source "ChessBase"]
[SourceQuality "1"]
[TimeControl "40/5400+30:1800+30"]

1. d4 Nf6 2. c4 c5 3. d5 e6 4. Nc3 exd5 5. cxd5 d6 6. Nf3 g6 7. Bf4 Bg7 8. h3 O-O 9. e3 Na6 10. Be2 Nc7 11. O-O Rb8 12. a4 b6 13. e4 Re8 14. Nd2 a6 15. Qc2 b5 16. a5 b4 17. Na4 Nfxd5 18. exd5 Rxe2 19. Be3 Nxd5 20. Qd3 Nxe3 21. fxe3 Rxe3 22. Qxe3 Bd4 23. Qxd4 cxd4 24. Nb6 Bf5 25. Nf3 d3 26. Nd4 Be4 27. Rae1 f5 28. Ne6 Qe7 29. Nf4 Qg7 30. Ne6 Qxb2 31. Rf2 d2 32. Rd1 Qb3 0-1

[Event "46th GRE-chT Premier 2018"]
[Site "Rio Achaia"]
[Date "2018.07.12"]
[Round "4"]
[White "Apostolidou, Eleni"]
[Black "Georgitsi, Sofia"]
[Result "1/2-1/2"]
[ECO "C55"]
[WhiteElo "1290"]
[BlackElo "1420"]
[Annotator "NA"]
[PlyCount "111"]
[EventDate "2018.07.10"]
[EventType "team-tourn"]
[EventCountry "GRE"]
[SourceTitle "playchess.com"]
[Source "ChessBase"]
[SourceQuality "1"]
[TimeControl "40/5400+30:1800+30"]

1. e4 e5 2. Nf3 Nc6 3. d4 exd4 4. Bc4 Nf6 5. e5 Ng4 6. O-O d6 7. exd6 Bxd6 8. Re1+ Be7 9. Bg5 O-O 10. Bxe7 Nxe7 11. Qxd4 Qxd4 12. Nxd4 Nf5 13. Nf3 b6 14. Bd5 Rb8 15. Nc3 Nf6 16. Bc6 Bb7 17. Bxb7 Rxb7 18. Rad1 Nd6 19. b3 a6 20. Ng5 Re8 21. Rxe8+ Nfxe8 22. Nge4 Nxe4 23. Nxe4 Rb8 24. Rd7 Rc8 25. Kf1 h6 26. Nc3 Nf6 27. Rd2 Re8 28. Nd5 Nxd5 29. Rxd5 Re7 30. Rd2 Kf8 31. Rd8+ Re8 32. Rxe8+ Kxe8 33. Ke2 Ke7 34. Ke3 Ke6 35. c4 c5 36. h3 g5 37. g3 f5 38. f4 Kf6 39. Kf3 Kg6 40. a3 a5 41. a4 Kh5 42. Kg2 Kg6 43. Kf3 Kh5 44. Kg2 Kg6 45. Kf3 Kh5 46. fxg5 Kxg5 47. h4+ Kg6 48. Kf4 Kf6 49. h5 Ke6 50. Kf3 Ke5 51. Ke3 Ke6 52. Kf3 Ke5 53. Ke3 Ke6 54. Kf3 Ke5 55. Ke3 Ke6 {[%emt 0:00:07] Ke4 Ke5+} 56. Kf3 1/2-1/2

[Event "46th GRE-chT Premier 2018"]
[Site "Rio Achaia"]
[Date "2018.07.12"]
[Round "4"]
[White "Giannoulaki, Ermofili"]
[Black "Matthaiaki, Nefeli"]
[Result "1-0"]
[ECO "D05"]
[WhiteElo "1286"]
[BlackElo "1266"]
[Annotator "NA"]
[PlyCount "95"]
[EventDate "2018.07.10"]
[EventType "team-tourn"]
[EventCountry "GRE"]
[SourceTitle "playchess.com"]
[Source "ChessBase"]
[SourceQuality "1"]
[TimeControl "40/5400+30:1800+30"]

1. d4 d5 2. Nf3 Nf6 3. e3 e6 4. Bd3 Nbd7 5. O-O b6 6. b3 Bb7 7. Bb2 c5 8. c4 Be7 9. Nc3 O-O 10. Qe2 h6 11. Rac1 a6 12. Rfd1 Qc7 13. cxd5 Nxd5 14. Nxd5 exd5 15. Bf5 Qd6 16. Ba3 Rac8 17. dxc5 bxc5 18. e4 Rfd8 19. e5 Qc7 20. e6 fxe6 21. Qxe6+ Kh8 22. Qxe7 Qc6 23. Bb2 Nf6 24. Bxf6 Qxf6 25. Qxf6 gxf6 26. Bxc8 Rxc8 27. Re1 Rc7 28. Re6 Kg7 29. Re2 Kf7 30. Rec2 Ke7 31. Rxc5 Rxc5 32. Rxc5 Kd6 33. Rc3 Bc6 34. Nd4 Bd7 35. b4 h5 36. h3 Ke5 37. Nc6+ Kd6 38. Nb8 Bb5 39. Ra3 Kc7 40. Nxa6+ Kb6 41. Nc5 Kc6 42. Rf3 d4 43. Rxf6+ Kd5 44. Rf3 Kc4 45. a4 Kxb4 46. axb5 Kxc5 47. Rd3 Kxb5 48. Rxd4 1-0